 Dungeon Crawl Stone Soup version 0.17-a0-1591-g7a45446 (webtiles) character file.

246 KINGKRU the Sneak (level 6, -1/46 HPs)
             Began as a Human Assassin on July 29, 2015.
             Slain by a hound (3 damage)
             ... on level 3 of the Dungeon.
             The game lasted 00:22:47 (1930 turns).

KINGKRU the Sneak (Human Assassin)                  Turns: 1930, Time: 00:22:47

Health: -1/46      AC:  4    Str: 11      XL:     6   Next: 33%
Magic:  6/6        EV: 13    Int: 11      God:
Gold:   127        SH:  0    Dex: 14 (17) Spells: 0 memorised, 5 levels left

rFire  . . .     SeeInvis .     a - +2 dagger
rCold  . . .     Clarity  .     k - +0 robe
rNeg   . . .     SustAt   .     (no shield)
rPois  .         Gourm    .     (no helmet)
rElec  .         Spirit   .     d - +1 cloak
rCorr  .         Warding  .     (no gloves)
rMut   .         Stasis   .     (no boots)
MR     .....                    (no amulet)
Stlth  +++.......               (no ring)
                                (no ring)

@: not resistant to hostile enchantments, fairly stealthy
A: no striking features
a: no special abilities


You were on level 3 of the Dungeon.
You were not hungry.

You visited 1 branch of the dungeon, and saw 3 of its levels.

You collected 127 gold pieces.

Inventory:

Hand weapons
 a - a +2 dagger (weapon)
 b - a +0 blowgun
 j - a +0 scythe
Missiles
 e - 25 poisoned needles
 f - 9 curare-tipped needles
Armour
 d - a +1 cloak (worn)
 k - a +0 robe (worn)
Magical devices
 i - a wand of fire (4)
Comestibles
 g - 4 bread rations
 l - a royal jelly


   Skills:
 + Level 2.7 Fighting
 + Level 2.4 Short Blades
 + Level 2.9 Throwing
 + Level 2.7 Dodging
 + Level 5.9 Stealth


You had 5 spell levels left.
You didn't know any spells.

Dungeon Overview and Level Annotations

Branches:
Dungeon (3/15)

Altars:
Kikubaaqudgha
Qazlal
Sif Muna


Message History

Things that are here:
a quokka corpse; an orc corpse You hit the centaur skeleton.
The centaur skeleton barely misses you.
The centaur skeleton closely misses you.
The centaur skeleton hits you.
* * * LOW HITPOINT WARNING * * *
The centaur skeleton hits you.
* * * LOW HITPOINT WARNING * * *
The centaur skeleton hits you but does no damage.
The hound barely misses you. The hound bites you.
* * * LOW HITPOINT WARNING * * *
The hound misses you. The hound bites you but does no damage.
The hound bites you.
* * * LOW HITPOINT WARNING * * *
The hound closely misses you. The hound misses you.
The hound completely misses you. The hound bites you.
You die...

### ############### #..
...............
######.#########......##
#..........#####.####†##
#####.####.##........#
#)..
..........@hZ.#####.#
##.# .....#.÷.##.#
#..####.# #.#.#.#.##...
#####..[. #.._..#<######
###.. ###.###.# #..
#..##.# #.. ##.##.# #..
#...#.######## # #.†
#............#...####.


You could see a hound and a centaur skeleton.

Vanquished Creatures
  Sigmund (D:2)
  Terence (D:2)
  3 gnolls (D:2)
  A giant gecko (D:3)
  3 orcs (D:3)
  2 giant cockroaches
  3 hobgoblins
  4 jackals (D:2)
  2 quokkas
  3 bats
  3 giant newts
  2 goblins
  3 kobolds
  5 rats
36 creatures vanquished.

Notes
Turn   | Place    | Note
--------------------------------------------------------------
     0 | D:1      | KINGKRU the Human Assassin began the quest for the Orb.
     0 | D:1      | Reached XP level 1. HP: 16/16 MP: 1/1
   285 | D:2      | Reached XP level 2. HP: 22/22 MP: 2/2
   360 | D:2      | Reached XP level 3. HP: 23/27 MP: 3/3
   601 | D:2      | Found a stormy altar of Qazlal.
   615 | D:2      | Noticed Sigmund
   653 | D:2      | Reached skill level 5 in Stealth
   861 | D:1      | Reached XP level 4. HP: 34/34 MP: 4/4
  1145 | D:2      | Found an ancient bone altar of Kikubaaqudgha.
  1383 | D:2      | Killed Sigmund
  1383 | D:2      | Reached XP level 5. HP: 25/39 MP: 5/5
  1383 | D:2      | Reached XP level 6. HP: 29/46 MP: 6/6
  1399 | D:2      | Noticed Terence
  1418 | D:2      | Killed Terence
  1623 | D:3      | Found a deep blue altar of Sif Muna.
  1921 | D:3      | HP: 2/46 [hound (3)]
  1930 | D:3      | Slain by a hound

Vault maps used:
D:1:      dpeg_arrival_lava_temple_mockup, st_stairs_12
D:2:      overflow_temple_1_default, grunt_qazlal_clouds, uniq_sigmund,
          uniq_terence
D:3:      lemuel_crystal_altar, cheibriados_altar_1, first_bread,
          makhleb_heckhound_becter

Action                   |  1- 3 |  4- 6 || total
-------------------------+-------+-------++-------
Melee: Dagger            |    53 |    23 ||    76
 Fire: Blowgun           |     5 |    54 ||    59
  Use: Scroll            |     6 |     3 ||     9
       Potion            |     1 |     6 ||     7
 Stab: Sleeping          |     7 |     2 ||     9
  Eat: Meat ration       |       |     1 ||     1
